 Dungeon Crawl Stone Soup version 0.31-a0-198-g2ad674f65e (webtiles) character file.

Game seed: 15134331082194289069

117 qw the Skirmisher (level 4, -4/25 HPs)
             Began as a Deep Elf Hunter on June 25, 2023.
             Slain by a black bear (5 damage)
             ... on level 3 of the Dungeon.
             The game lasted 00:00:54 (2040 turns).

qw the Skirmisher (Deep Elf Hunter)                 Turns: 2040, Time: 00:00:54

Health: -4/25      AC:  7    Str: 10    XL:     4   Next: 71%
Magic:  6/6        EV: 11    Int: 14    God:
Gold:   161        SH:  0    Dex: 24    Spells: 3/3 levels left

rFire   . . .        Y - +1 shortbow
rCold   . . .        (shield currently unavailable)
rNeg    . . .        f - +0 ring mail
rPois   .            (no helmet)
rElec   .            (no cloak)
rCorr   .            l - +1 pair of gloves
SInv    .            (no boots)
Will    +....        (no amulet)
Stlth   ++           h - +6 ring of dexterity
HPRegen 0.24/turn    i - ring of willpower
MPRegen 0.10/turn

%: no passive effects
@: about to teleport
A: no striking features
a: no special abilities


You were on level 3 of the Dungeon.
You visited 1 branch of the dungeon, and saw 4 of its levels.

You collected 161 gold pieces.


   Skills:
 - Level 1.5 Fighting
 - Level 8.0 Ranged Weapons
 + Level 2.8 Dodging
 - Level 1.2 Stealth


You had 3 spell levels left.
You didn't know any spells.
Your spell library was empty.

Inventory:

Hand Weapons
 Y - a +1 shortbow (weapon)
Armour
 f - a +0 ring mail (worn)
 l - a +1 pair of gloves (worn)
Jewellery
 h - a +6 ring of dexterity (left hand)
 i - a ring of willpower (right hand)
Scrolls
 a - a scroll of identify
 k - a scroll of teleportation
Potions
 b - a potion of enlightenment
 c - a potion of heal wounds
 g - 2 potions of might
 j - a potion of haste

Dungeon Overview and Level Annotations

Branches:
Dungeon (4/15)
 Temple: D:4-7

Altars:
Fedhas
Hepliaklqana
Kikubaaqudgha

Shops:
D:2 =

Annotations:
D:3 2 transporters, qw's ghost, weakling DEHu
D:4 Blork the orc


Message History

The black bear growls angrily.
Blork the orc shouts!
You hear a bark!
You hear a shout!
Found a book of Debilitation.
There is a stone staircase leading up here.
There are monsters nearby!
Waypoint 3 assigned to D:4.
You shoot an arrow.
The arrow closely misses the black bear.
The jackal barks!
You hear a bark!
A jackal comes into view.
You shoot an arrow. The arrow hits the black bear!
The black bear is moderately wounded.
You shoot an arrow. The arrow hits the black bear.
The black bear is heavily wounded.
Blork the orc zaps a wand.
The puff of flame hits you.
2035 ||| STAIRDANCE The black bear bites you.
The black bear misses you. The black bear barely misses you.
Blork the orc looks encouraged for a moment.
You climb upwards.
Level annotation: 2 transporters, qw's ghost, weakling DEHu
There is a stone staircase leading down here.
You shoot an arrow. The arrow hits the black bear.
The black bear is heavily wounded.
The black bear misses you. The black bear claws you.
The black bear claws you but does no damage.
You shoot an arrow. The arrow hits the black bear!
The black bear is almost dead.
The black bear goes berserk!
You shoot an arrow. The arrow hits the black bear.
The black bear is almost dead.
The black bear bites you but does no damage.
The black bear claws you. The black bear completely misses you.
The black bear bites you. The black bear claws you.
The black bear closely misses you.
2040 ||| READING 2 scrolls of teleportation.
As you read the scroll of teleportation, it crumbles to dust.
You feel strangely unstable. The black bear barely misses you.
The black bear claws you. x2
You die...

...........#.~.###...#...........
.....)....##.~.P##.....###.......
..........#P.~PP.##.######.......
..........#P.P~P.P#......%.......
.#####....####~####....###......#
.### #......................>....
...###.........................:#
...#.................##...#.....#
................@h...##.........#
...###...............###.##.#..[.
.<.# ###.................##......
#### ###.........###.#..###.#####
#...#####..........###.# # #.###
###........#...# ### #.#
##.#.....#...###.. #.#
#.#...........#.# ##.#
##.##..........)..


You could see a black bear (berserk).

Vanquished Creatures
  An orc priest (D:2)
  2 adders
  A worm (D:3)
  7 orcs
  3 endoplasms
  4 giant cockroaches
  6 goblins
  3 hobgoblins
  9 jackals
  6 ball pythons
  4 bats
  5 frilled lizards
  3 kobolds (D:1)
  6 rats
60 creatures vanquished.

Notes
Turn   | Place    | Note
-------+----------+-------------------------------------------
     0 | D:1      | qw the Deep Elf Hunter began the quest for the Orb.
     0 | D:1      | Reached XP level 1. HP: 12/12 MP: 3/3
     0 | D:1      | 0 ||| qw: Version: 0.3-a-22-g0ed2b0b
     0 | D:1      | 0 ||| qw: Game counter: 5325
     0 | D:1      | 0 ||| qw: Melee chars always use a shield: true
     0 | D:1      | 0 ||| qw: God list: Okawaru
     0 | D:1      | 0 ||| qw: Allow faded altars: false
     0 | D:1      | 0 ||| qw: Do Orc after clearing Dungeon:15 true
     0 | D:1      | 0 ||| qw: Do second Lair branch before Depths: true
     0 | D:1      | 0 ||| qw: Lair rune preference: random
     0 | D:1      | 0 ||| qw: Goals: Normal
     0 | D:1      | 0 ||| PLANNING D:1-11
   155 | D:1      | Reached XP level 2. HP: 11/16 MP: 4/4
   155 | D:1      | 155 ||| FLEEEEING.
   158 | D:1      | 158 ||| FLEEEEING.
   159 | D:1      | 159 ||| FLEEEEING.
   160 | D:1      | 160 ||| FLEEEEING.
   161 | D:1      | 161 ||| FLEEEEING.
   164 | D:1      | 164 ||| FLEEEEING.
   165 | D:1      | 165 ||| FLEEEEING.
   166 | D:1      | 166 ||| FLEEEEING.
   167 | D:1      | 167 ||| FLEEEEING.
   168 | D:1      | 168 ||| FLEEEEING.
   169 | D:1      | 169 ||| FLEEEEING.
   170 | D:1      | 170 ||| FLEEEEING.
   175 | D:1      | Reached skill level 6 in Ranged Weapons
   329 | D:1      | HP: 3/16 [ball python (2)]
   649 | D:1      | Reached XP level 3. HP: 20/20 MP: 5/5
   651 | D:1      | 651 ||| UPGRADING to +0 ring mail.
   661 | D:1      | 661 ||| DROPPING +0 leather armour.
   662 | D:1      | 662 ||| UPGRADING to +6 ring of dexterity.
   663 | D:1      | 663 ||| UPGRADING to ring of willpower.
   664 | D:1      | 664 ||| READING 4 scrolls labelled OSHIRULYPH.
   665 | D:1      | 665 ||| READING scroll labelled PIHOITT MEPN.
   669 | D:1      | 669 ||| DRINKING 3 red potions.
   670 | D:1      | 670 ||| READING 3 scrolls of identify.
   670 | D:1      | 670 ||| IDENTIFYING fizzy grey potion
   671 | D:1      | 671 ||| DROPPING scroll of butterflies.
  1091 | D:2      | Found Raujied's Jewellery Boutique.
  1094 | D:2      | 1094 ||| SHOPLISTING +5 ring of evasion (360 gold, have
                  | 98).
  1094 | D:2      | 1094 ||| SHOPLISTING ring "Lipsoeci" {MP+9 Str+6} (619
                  | gold, have 98).
  1094 | D:2      | 1094 ||| SHOPLISTING ring of protection from cold (250
                  | gold, have 98).
  1094 | D:2      | 1094 ||| SHOPLISTING ring of protection from fire (250
                  | gold, have 98).
  1316 | D:2      | Reached skill level 7 in Ranged Weapons
  1408 | D:2      | 1408 ||| UPGRADING to +1 pair of gloves.
  1413 | D:2      | 1413 ||| READING scroll labelled OLLEACS FOPI.
  1450 | D:2      | 1450 ||| READING scroll labelled AMU JINIKLEOQYTS.
  1451 | D:2      | 1451 ||| READING scroll labelled YSOCEETSONK.
  1452 | D:2      | 1452 ||| DRINKING 2 brown potions.
  1453 | D:2      | 1453 ||| READING 5 scrolls of identify.
  1453 | D:2      | 1453 ||| IDENTIFYING fizzy green potion
  1454 | D:2      | 1454 ||| READING 4 scrolls of identify.
  1454 | D:2      | 1454 ||| IDENTIFYING cyan potion
  1455 | D:2      | 1455 ||| READING 3 scrolls of identify.
  1455 | D:2      | 1455 ||| IDENTIFYING emerald potion
  1456 | D:2      | 1456 ||| DROPPING potion of brilliance.
  1458 | D:2      | 1458 ||| Stepping ~*~*~tactically~*~*~ (cloud).
  1459 | D:2      | 1459 ||| DRINKING 2 potions of curing.
  1459 | D:2      | 1459 ||| (to cure poison)
  1464 | D:2      | 1464 ||| Stepping ~*~*~tactically~*~*~ (cloud).
  1465 | D:2      | 1465 ||| DRINKING potion of curing.
  1465 | D:2      | 1465 ||| (to cure poison)
  1499 | D:3      | 1499 ||| STAIRDANCE
  1502 | D:2      | Reached XP level 4. HP: 15/25 MP: 6/6
  1578 | D:3      | 1578 ||| FLEEEEING.
  1579 | D:3      | 1579 ||| FLEEEEING.
  1618 | D:3      | Found a transporter.
  1620 | D:3      | Noticed qw's ghost (weakling DEHu)
  1741 | D:3      | Reached skill level 8 in Ranged Weapons
  1760 | D:3      | Found a blossoming altar of Fedhas.
  1770 | D:3      | Found an ancient bone altar of Kikubaaqudgha.
  1890 | D:3      | Found a hazy altar of Hepliaklqana.
  1955 | D:3      | Found a transporter.
  2005 | D:3      | Found a faded altar of an unknown god.
  2010 | D:3      | 2010 ||| READING 2 scrolls labelled IKAEDA QEIRGHI.
  2011 | D:3      | 2011 ||| READING scroll labelled WEGIXZ WEZOQIP.
  2012 | D:3      | 2012 ||| READING 2 scrolls of identify.
  2012 | D:3      | 2012 ||| IDENTIFYING murky silvery potion
  2013 | D:3      | 2013 ||| DROPPING potion of lignification.
  2014 | D:3      | 2014 ||| DROPPING scroll of blinking.
  2031 | D:4      | Noticed Blork the orc
  2031 | D:4      | Noticed a black bear
  2035 | D:4      | 2035 ||| STAIRDANCE
  2039 | D:3      | HP: 5/25 [black bear (6)]
  2040 | D:3      | 2040 ||| READING 2 scrolls of teleportation.
  2040 | D:3      | HP: 1/25 [black bear (4)]
  2040 | D:3      | Slain by a black bear

Levels and vault maps discovered:
D:1:      dpeg_arrival_court, layout_basic, minmay_tetromino_l2
D:2:      layout_basic, serial_shops, nicolae_shop_tiny_real_fake_doors,
          kennysheep_generic_room_10
D:3:      layout_rooms, grunt_temple_overflow_growth_and_decay,
          old_standard_altar, gammafunk_ghost_mausoleum,
          shapermc_ecumenical_altar_hornbeckon
D:4:      layout_basic, minmay_temple_entry_slanted, uniq_blork_the_orc,
          uniq_eustachio, uniq_ijyb

Skill      XL: |  1  2  3  4 |
---------------+-------------+-----
Ranged Weapons | 6 7 8 |  8.0
Fighting       | |  1.5
Dodging        | |  2.8
Stealth        | |  1.2

Action                     |  1- 3 |  4- 6 || total
---------------------------+-------+-------++-------
   Fire: Shortbow          |    88 |    72 ||   160
    Use: Scroll            |     9 |     4 ||    13
         Potion            |     4 |       ||     4
 Armour: Leather armour    |     7 |       ||     7
         Ring mail         |     3 |    15 ||    18
  Dodge: Dodged            |    27 |    39 ||    66

Table legend:
 A = Non-vault XP
 B = Vault XP
 C = Vault XP percentage of total XP
 D = Non-vault monster count
 E = Vault monster count
 F = Vault count percentage of total count
                 A         B        C        D         E       F
            +---------+---------+-------+---------+---------+-------
      Total |     166 |       2 |   1.2 |      59 |       1 |   1.7
            +---------+---------+-------+---------+---------+-------
        D:1 |      39 |       2 |   4.9 |      26 |       1 |   3.7
        D:2 |      71 |       0 |   0.0 |      12 |       0 |   0.0
        D:3 |      56 |       0 |   0.0 |      21 |       0 |   0.0
            +---------+---------+-------+---------+---------+-------
